 Dungeon Crawl Stone Soup version 0.22-a0-348-gd16d1391c7 (webtiles) character file.

2163 Edwin the Thaumaturge (level 9, -7/65 HPs)
             Began as a Gnoll Wizard on Apr 9, 2018.
             Was a Follower of Cheibriados.
             Shot with an arrow by a centaur warrior (38 damage)
             ... on level 10 of the Dungeon.
             The game lasted 00:32:34 (9498 turns).

Edwin the Thaumaturge (Gnoll Wizard)                Turns: 9498, Time: 00:32:35

Health: -7/65      AC:  2    Str: 13    XL:     9   Next: 32%
Magic:  13/21      EV: 16    Int: 31    God:    Cheibriados [*.....]
Gold:   419        SH:  0    Dex: 16    Spells: 13/24 levels left

rFire    . . .     SeeInvis .   w - +0 falchion
rCold    . . .     Gourm    .   (no shield)
rNeg     . . .     Faith    .   a - +0 robe
rPois    +         Spirit   .   b - +0 hat
rElec    .         Reflect  .   (no cloak)
rCorr    .         Harm     .   (no gloves)
MR       .....                  (no boots)
Stlth    +++.......             (no amulet)
HPRegen  0.20/turn              t - ring of poison resistance
MPRegen  0.17/turn              j - +4 ring of intelligence

@: very slow
A: distributed training, fangs 1, strong nose
a: Bend Time, Renounce Religion


You were on level 10 of the Dungeon.
You worshipped Cheibriados.
Cheibriados was aware of your devotion.
You were very hungry.

You visited 2 branches of the dungeon, and saw 9 of its levels.

You collected 419 gold pieces.

Inventory:

Hand Weapons
 w - a +0 falchion (weapon)
Armour
 a - a +0 robe (worn)
 b - a +0 hat (worn)
Jewellery
 j - a +4 ring of intelligence (right hand)
 t - a ring of poison resistance (left hand)
 u - an uncursed ring of fire
Wands
 x - a wand of iceblast (7)
 y - a wand of random effects (22)
Scrolls
 e - 2 scrolls of amnesia
 i - a scroll of teleportation
 n - 2 scrolls of enchant weapon
 o - 3 scrolls of blinking
 r - a scroll of random uselessness
 s - 7 scrolls of remove curse {unknown}
 A - a scroll of magic mapping
 B - a scroll of immolation
 D - a scroll of fog
Potions
 c - 3 potions of might {unknown}
 f - 3 potions of haste {unknown}
 g - 4 potions of ambrosia {unknown}
 h - 2 potions of degeneration {unknown}
 k - 2 potions of agility {unknown}
 m - a potion of heal wounds {unknown}
 p - a potion of berserk rage {unknown}
 q - a potion of magic {unknown}
 v - a potion of brilliance {unknown}
 z - a potion of invisibility {unknown}
Comestibles
 d - 6 rations


   Skills:
 + Level 4.0 Fighting
 + Level 4.0 Short Blades
 + Level 4.0 Long Blades
 + Level 4.0 Axes
 + Level 4.0 Maces & Flails
 + Level 4.0 Polearms
 + Level 4.0 Staves
 + Level 4.0 Slings
 + Level 4.0 Bows
 + Level 4.0 Crossbows
 + Level 4.0 Throwing
 + Level 4.0 Armour
 + Level 6.2 Dodging
 + Level 5.9 Stealth
 + Level 4.0 Shields
 + Level 4.0 Unarmed Combat
 + Level 8.3 Spellcasting
 + Level 4.0 Conjurations
 + Level 3.3 Hexes
 + Level 3.3 Charms
 + Level 4.0 Summonings
 + Level 3.3 Necromancy
 + Level 4.0 Translocations
 + Level 3.3 Transmutations
 + Level 3.3 Fire Magic
 + Level 3.3 Ice Magic
 + Level 3.3 Air Magic
 + Level 3.3 Earth Magic
 + Level 3.3 Poison Magic
 + Level 4.4 Invocations
 + Level 4.0 Evocations


You had 13 spell levels left.
You knew the following spells:

 Your Spells              Type           Power        Failure   Level  Hunger
a - Magic Dart            Conj           ####         1%          1    None
b - Mephitic Cloud        Conj/Pois/Air  #####...     2%          3    None
c - Conjure Flame         Conj/Fire      #####...     2%          3    None
d - Blink                 Tloc           N/A          1%          2    None
e - Call Imp              Summ           #####...     1%          2    None


Dungeon Overview and Level Annotations

Branches:
Dungeon (7/15)             Temple (1/1) D:7             Orc (0/2) D:10

Altars:
Ashenzari
Cheibriados
Dithmenos
Elyvilon
Fedhas
Gozag
Hepliaklqana
Kikubaaqudgha
Makhleb
Nemelex Xobeh
Okawaru
Qazlal
Ru
Sif Muna
Trog
Uskayaw
Vehumet
Wu Jian
Xom
Yredelemnul
Zin
The Shining One

Annotations:
D:5 Banto's ghost, novice OpIE


Innate Abilities, Weirdness & Mutations

Your experience applies equally to all skills.
You have very sharp teeth.
Your uncanny sense of smell can sniff out nearby items.


Message History

Unknown command.
The orc skeleton hits you. The two-headed ogre closely misses you.
The two-headed ogre barely misses you. The orc skeleton closely misses you.
You riposte.
You hit the orc skeleton.
The orc skeleton is almost destroyed.
You hit the orc skeleton but do no damage.
The orc skeleton is almost destroyed.
Your surroundings suddenly seem different.
A slime creature comes into view.
The slime creature quivers.
A two-headed ogre comes into view.
It is wielding a giant spiked club and a giant club.
The two-headed ogre shouts in stereo!
A big kobold comes into view. It is wielding a whip.
The big kobold shouts!
You hear a shout!
A centaur warrior comes into view.
The centaur warrior shouts!
You hear a shout!
The centaur warrior wields a longbow.
The centaur warrior shoots an arrow.
The arrow hits you!!!
Ouch! That really hurt!
You die...

....O..#.... ..
#......#.... ..
##......#.... #
..........:#....
. ###
.#....##### .F..
. }... ......K
..... .......
..c...##....J..
.......@.......
..$.#....#...K.
. .......# ...
##...O..# .
#......#
.......Z#
....###### ....


You could see a slime creature, a centaur warrior, a two-headed ogre, a big
kobold, a hobgoblin zombie and a kobold (wandering).

Vanquished Creatures
  A wyvern (D:7)
  An orc warrior (D:7)
  A sky beast (D:7)
  4 ogres (D:4)
  A big kobold (D:7)
  2 bullfrogs (D:6)
  2 scorpions
  6 killer bees (D:7)
  A water moccasin skeleton (D:7)
  A howler monkey (D:5)
  3 crimson imps
  3 hounds
  2 orc priests (D:5)
  3 orc wizards
  3 iguanas
  Jessica (D:3)
  5 worker ants
  Robin (D:2)
  3 gnolls (D:7)
  5 adders
  A shadow imp (D:10)
  2 oozes
  An adder skeleton (D:4)
  3 worms (D:2)
  2 dart slugs (D:1)
  7 leopard geckos
  20 orcs
  4 bats
  8 giant cockroaches
  11 goblins
  11 hobgoblins
  11 jackals
  6 quokkas
  A ball python (D:3)
  4 frilled lizards
  A jackal skeleton (D:7)
  19 kobolds
  A leopard gecko skeleton (D:2)
  8 rats
170 creatures vanquished.

Vanquished Creatures (collateral kills)
  A killer bee (D:7)
1 creature vanquished.

Vanquished Creatures (others)
  A killer bee (D:7)
1 creature vanquished.

Grand Total: 172 creatures vanquished

Notes
Turn   | Place    | Note
-------+----------+-------------------------------------------
     0 | D:1      | Edwin the Gnoll Wizard began the quest for the Orb.
     0 | D:1      | Reached XP level 1. HP: 13/13 MP: 8/8
    57 | D:1      | Reached XP level 2. HP: 16/19 MP: 0/10
   572 | D:1      | Reached XP level 3. HP: 24/25 MP: 5/11
   945 | D:1      | Reached skill level 1 in Invocations
  1264 | D:2      | Reached skill level 1 in Fighting
  1264 | D:2      | Reached skill level 1 in Short Blades
  1264 | D:2      | Reached skill level 1 in Long Blades
  1264 | D:2      | Reached skill level 1 in Axes
  1264 | D:2      | Reached skill level 1 in Maces & Flails
  1264 | D:2      | Reached skill level 1 in Polearms
  1264 | D:2      | Reached skill level 1 in Staves
  1264 | D:2      | Reached skill level 1 in Slings
  1264 | D:2      | Reached skill level 1 in Bows
  1264 | D:2      | Reached skill level 1 in Crossbows
  1264 | D:2      | Reached skill level 1 in Throwing
  1264 | D:2      | Reached skill level 1 in Armour
  1264 | D:2      | Reached skill level 1 in Shields
  1264 | D:2      | Reached skill level 1 in Unarmed Combat
  1264 | D:2      | Reached skill level 1 in Evocations
  1420 | D:2      | Reached XP level 4. HP: 32/32 MP: 10/13
  1711 | D:2      | Noticed Robin
  1881 | D:2      | Killed Robin
  2107 | D:2      | Reached skill level 1 in Hexes
  2107 | D:2      | Reached skill level 1 in Charms
  2107 | D:2      | Reached skill level 1 in Necromancy
  2107 | D:2      | Reached skill level 1 in Transmutations
  2107 | D:2      | Reached skill level 1 in Fire Magic
  2107 | D:2      | Reached skill level 1 in Ice Magic
  2107 | D:2      | Reached skill level 1 in Air Magic
  2107 | D:2      | Reached skill level 1 in Earth Magic
  2107 | D:2      | Reached skill level 1 in Poison Magic
  2156 | D:2      | Found a shimmering altar of Xom.
  2231 | D:2      | Learned a level 3 spell: Mephitic Cloud
  2235 | D:2      | Learned a level 3 spell: Conjure Flame
  2238 | D:2      | Learned a level 2 spell: Blink
  2241 | D:2      | Learned a level 2 spell: Call Imp
  2675 | D:3      | Noticed Jessica
  2681 | D:3      | Killed Jessica
  2681 | D:3      | Reached XP level 5. HP: 37/37 MP: 4/14
  2892 | D:3      | You fall through a shaft!
  2967 | D:4      | Noticed an ogre
  3252 | D:4      | Noticed an ogre
  3268 | D:4      | Killed an ogre
  3268 | D:4      | Reached XP level 6. HP: 44/44 MP: 3/16
  3394 | D:4      | Reached skill level 5 in Dodging
  3760 | D:4      | Reached XP level 7. HP: 50/50 MP: 4/18
  4942 | D:3      | Found a glowing golden altar of the Shining One.
  4967 | D:3      | Found a faded altar of an unknown god.
  5413 | D:4      | Reached skill level 5 in Stealth
  5631 | D:5      | Entered Level 5 of the Dungeon
  5718 | D:5      | Noticed Banto's ghost (novice OpIE)
  5953 | D:5      | Reached XP level 8. HP: 55/57 MP: 9/19
  7735 | D:7      | Reached skill level 8 in Spellcasting
  7841 | D:7      | Found a staircase to the Ecumenical Temple.
  7952 | Temple   | Entered the Ecumenical Temple
  8122 | Temple   | Became a worshipper of Cheibriados the Contemplative
  8170 | D:7      | Noticed a wyvern
  8189 | D:7      | Killed a wyvern
  8419 | D:7      | Reached XP level 9. HP: 63/65 MP: 16/21
  8682 | D:7      | Reached * piety under Cheibriados
  9430 | D:7      | You fall through a shaft for 3 floors!
  9430 | D:10     | Entered Level 10 of the Dungeon
  9495 | D:10     | Found a staircase to the Orcish Mines.
  9496 | D:10     | Noticed a two-headed ogre
  9498 | D:10     | Noticed a two-headed ogre
  9498 | D:10     | Noticed a centaur warrior
  9498 | D:10     | Shot with an arrow by a centaur warrior

Vault maps used:
D:1:      dpeg_arrival_round_a, minmay_surrounded
D:2:      nicolae_overflow_hidden_temple, first_ration, uniq_robin
D:3:      chequers_ecumenical_altar_simple, nicolae_tso_carved_into_rock,
          uniq_jessica
D:6:      serial_bayou_pond_e
D:7:      gammafunk_beogh_shrine, minmay_temple_entry_glassed_door, fountainhead
D:10:     minmay_cut_squares, david_lair_generic, zombieorc2_lemuel,
          serial_shops, nicolae_shop_window_shopping, uniq_psyche, uniq_snorg
Temple:   roderic_octagonal_lattice_temple

Skill      XL: |  1  2  3  4  5  6  7  8  9 |
---------------+----------------------------+-----
Conjurations   | 2 3 4 |  4.0
Summonings     | 2 3 4 |  4.0
Translocations | 2 3 4 |  4.0
Invocations    | 1 2 3 4 |  4.4
Fighting       | 1 2 3 4 |  4.0
Short Blades   | 1 2 3 4 |  4.0
Long Blades    | 1 2 3 4 |  4.0
Axes           | 1 2 3 4 |  4.0
Maces & Flails | 1 2 3 4 |  4.0
Polearms       | 1 2 3 4 |  4.0
Staves         | 1 2 3 4 |  4.0
Slings         | 1 2 3 4 |  4.0
Bows           | 1 2 3 4 |  4.0
Crossbows      | 1 2 3 4 |  4.0
Throwing       | 1 2 3 4 |  4.0
Armour         | 1 2 3 4 |  4.0
Shields        | 1 2 3 4 |  4.0
Unarmed Combat | 1 2 3 4 |  4.0
Evocations     | 1 2 3 4 |  4.0
Hexes          | 1 2 3 |  3.3
Charms         | 1 2 3 |  3.3
Necromancy     | 1 2 3 |  3.3
Transmutations | 1 2 3 |  3.3
Fire Magic     | 1 2 3 |  3.3
Ice Magic      | 1 2 3 |  3.3
Air Magic      | 1 2 3 |  3.3
Earth Magic    | 1 2 3 |  3.3
Poison Magic   | 1 2 3 |  3.3
Dodging        | 5 6 |  6.2
Stealth        | 5 |  5.9
Spellcasting   | 8 |  8.3

Action                   |  1- 3 |  4- 6 |  7- 9 || total
-------------------------+-------+-------+-------++-------
Melee: Unarmed           |     9 |    18 |       ||    27
       Bite              |     1 |       |     1 ||     2
       Falchion          |       |       |    15 ||    15
 Cast: Magic Dart        |    89 |   134 |   274 ||   497
       Mephitic Cloud    |       |    12 |    36 ||    48
       Conjure Flame     |       |     4 |     2 ||     6
  Use: Scroll            |       |       |    12 ||    12
 Stab: Confused          |       |       |     2 ||     2
  Eat: Chunk             |     1 |     4 |     9 ||    14
       Ration            |       |     1 |     2 ||     3
Armor: Robe              |     5 |     8 |     2 ||    15
Dodge: Dodged            |    19 |    39 |    52 ||   110
       Rpst.: Falchion   |       |       |    13 ||    13

Table legend:
 A = Spawn XP
 B = Non-spawn XP
 C = Spawn XP percentage of total XP
 D = Spawn monster count
 E = Non-spawn monster count
 F = Spawn count percentage of total count
 G = Total turns spent on level
                    A         B        C        D         E        F      G
               +---------+---------+-------+---------+---------+-------+---------
         Total |       0 |    3090 |   0.0 |       0 |     172 |   0.0 |  9498
               +---------+---------+-------+---------+---------+-------+---------
           D:1 |       0 |      63 |   0.0 |       0 |      31 |   0.0 |  1193
           D:2 |       0 |      72 |   0.0 |       0 |      28 |   0.0 |  1147
           D:3 |       0 |     225 |   0.0 |       0 |      39 |   0.0 |  1634
           D:4 |       0 |     676 |   0.0 |       0 |      14 |   0.0 |  1697
           D:5 |       0 |     292 |   0.0 |       0 |      12 |   0.0 |   821
           D:6 |       0 |     478 |   0.0 |       0 |      11 |   0.0 |  1220
           D:7 |       0 |    1260 |   0.0 |       0 |      35 |   0.0 |  1531
          D:10 |       0 |      24 |   0.0 |       0 |       2 |   0.0 |    68
               +---------+---------+-------+---------+---------+-------+---------
